[Event "FIDE World Rapid Chess Championship 2021"]
[White "Michalik, Peter"]
[Black "Demchenko, Anton"]
[WhiteFideId "14907526"]
[BlackFideId "4160258"]
[WhiteElo "2515"]
[BlackElo "2666"]
[Result "1/2-1/2"]
[Round "04"]
[TimeControl "900+10"]
[Date "2021.12.26"]
[WhiteClock "0:12:57"]
[BlackClock "0:07:42"]

1. d4 d5 2. c4 dxc4 3. Nf3 Nf6 4. e3 e6 5. Bxc4 a6 6. O-O Be7 7. b3 O-O 8. Bb2 b6 9. Qe2 Bb7 10. Rd1 Nbd7 11. Nc3 b5 12. Bd3 c5 13. dxc5 Bxc5 14. Ng5 h6 15. Nge4 Be7 16. Nxf6+ Bxf6 17. Be4 Bxe4 18. Nxe4 Bxb2 19. Qxb2 Qe7 20. Rac1 Nb6 1/2-1/2


[Site "http://www.Chess.com"]

[Event "FIDE World Rapid Chess Championship 2021"]
[White "Matlakov, Maxim"]
[Black "Bellahcene, Bilel"]
[WhiteFideId "4168003"]
[BlackFideId "696358"]
[WhiteElo "2652"]
[BlackElo "2397"]
[Result "1/2-1/2"]
[Round "04"]
[TimeControl "900+10"]
[Date "2021.12.26"]
[WhiteClock "0:00:41"]
[BlackClock "0:00:30"]

1. d4 e6 2. Nf3 Nf6 3. c4 Bb4+ 4. Nbd2 b6 5. a3 Bxd2+ 6. Nxd2 Bb7 7. Qc2 O-O 8. b3 d6 9. Bb2 Nbd7 10. e4 c5 11. d5 exd5 12. cxd5 Re8 13. O-O-O a6 14. f3 b5 15. Kb1 Rc8 16. g4 c4 17. bxc4 Nb6 18. Rc1 Nfd7 19. Ka2 Na4 20. Bd4 Ndb6 21. h4 a5 22. h5 Qg5 23. h6 g6 24. Bd3 Qf4 25. Bxb6 Nxb6 26. Qb2 f6 27. Rhd1 b4 28. Bc2 Ba6 29. Qd4 Rb8 30. c5 dxc5 31. Qxc5 Be2 32. d6 Bxd1 33. Rxd1 Qxh6 34. Qxa5 bxa3 35. Bb3+ Kh8 36. Qc5 Nd7 37. Qd4 Qf4 38. Rh1 Ne5 39. Rd1 Red8 40. Rh1 Rd7 41. g5 Qxg5 42. Nc4 Rdb7 43. Nxe5 fxe5 44. Qc3 Qg2+ 45. Bc2 Rb2+ 46. Kxa3 Qg5 47. Qxb2 Rxb2 48. Kxb2 Qd8 49. Rd1 Qb6+ 50. Bb3 Qf2+ 51. Ka3 Qc5+ 52. Kb2 Qf2+ 53. Ka3 Qc5+ 54. Kb2 Qf2+ 1/2-1/2


[Site "http://www.Chess.com"]

[Event "FIDE World Rapid Chess Championship 2021"]
[White "Nihal, Sarin"]
[Black "Antipov, Mikhail Al."]
[WhiteFideId "25092340"]
[BlackFideId "4107012"]
[WhiteElo "2500"]
[BlackElo "2644"]
[Result "1-0"]
[Round "04"]
[TimeControl "900+10"]
[Date "2021.12.26"]
[WhiteClock "0:06:15"]
[BlackClock "0:00:13"]

1. d4 Nf6 2. Nf3 g6 3. g3 Bg7 4. Bg2 O-O 5. O-O d5 6. c3 c6 7. Re1 Bf5 8. Nbd2 Qc8 9. Qb3 h6 10. Nh4 Be6 11. Qa3 Re8 12. e4 dxe4 13. Nxe4 Nbd7 14. Nxf6+ exf6 15. Bd2 Nb6 16. b3 Qd7 17. Qa5 Bd5 18. Bf1 f5 19. Rxe8+ Rxe8 20. Qxa7 Nc8 21. Qa3 f4 22. Ng2 fxg3 23. hxg3 Nd6 24. Re1 Rxe1 25. Nxe1 Ne4 26. Qc1 h5 27. Bg2 Qf5 28. Be3 c5 29. c4 cxd4 30. cxd5 dxe3 31. Qxe3 Nd6 32. Nd3 Qf6 33. Qf4 Qe7 34. a4 Nf5 35. Bf3 h4 36. gxh4 Nxh4 37. Be4 Bf8 38. d6 Qd8 39. Ne5 f5 40. Bd5+ Kg7 41. Nf7 Qf6 42. Qh6+ 1-0


[Site "http://www.Chess.com"]

[Event "FIDE World Rapid Chess Championship 2021"]
[White "Volokitin, Andrei"]
[Black "Vastrukhin, Oleg"]
[WhiteFideId "14107090"]
[BlackFideId "4192770"]
[WhiteElo "2631"]
[BlackElo "2382"]
[Result "1-0"]
[Round "04"]
[TimeControl "900+10"]
[Date "2021.12.26"]
[WhiteClock "0:01:12"]
[BlackClock "0:02:00"]

1. e4 e6 2. d4 d5 3. Nc3 Bb4 4. e5 c5 5. a3 Bxc3+ 6. bxc3 Nc6 7. Qg4 g6 8. h4 h6 9. Qf4 Qa5 10. Bd2 c4 11. Nf3 Bd7 12. Nh2 Rh7 13. Ng4 O-O-O 14. Nf6 Nxf6 15. Qxf6 Re8 16. h5 g5 17. f4 Rg8 18. g4 gxf4 19. Qxf4 Ne7 20. Be2 Ba4 21. Kd1 Rgg7 22. Kc1 a6 23. Rf1 Kb8 24. Qf6 Ng8 25. Qh4 Ka7 26. Rb1 Qc7 27. Rb4 Qd7 28. Be3 a5 29. Rb1 Qe8 30. Kd2 Ne7 31. Rf6 Ng8 32. Rf2 Ne7 33. Qh1 Ka8 34. Qc1 Qg8 35. Rf4 Rh8 36. Qb2 b5 37. Rbf1 Qh7 38. Rf6 Ng8 39. R6f4 Ne7 40. Qc1 Rc8 41. Kd1 Rc7 42. Qd2 Kb7 43. Kc1 Ng8 44. Bd1 Rd7 45. Qf2 Rc7 46. Qh4 Rd7 47. R1f2 Kc7 48. Qg3 Kc8 49. Rg2 Rg5 50. Qf3 Rg7 51. Qf1 Kc7 52. Qf2 Kc8 53. Qh4 Kc7 54. Rg3 Ne7 55. Rf2 Kc6 56. Qf6 Ng8 57. Qf4 Rg5 58. Qf3 Rg7 59. g5 hxg5 60. Rxg5 Rxg5 61. Bxg5 Nh6 62. Qf6 Nf5 63. Rxf5 Qxf5 64. Qxf5 exf5 65. Bf6 Rb7 66. h6 1-0


[Site "http://www.Chess.com"]

[Event "FIDE World Rapid Chess Championship 2021"]
[White "Van Foreest, Lucas"]
[Black "Predke, Alexandr"]
[WhiteFideId "1039792"]
[BlackFideId "24107581"]
[WhiteElo "2374"]
[BlackElo "2630"]
[Result "1/2-1/2"]
[Round "04"]
[TimeControl "900+10"]
[Date "2021.12.26"]
[WhiteClock "0:14:55"]
[BlackClock "0:10:20"]

1. e4 e5 2. Nf3 Nc6 3. Bc4 Bc5 4. Nc3 Nf6 5. d3 h6 6. O-O d6 7. Na4 Bb6 8. a3 O-O 9. h3 Be6 10. Bxe6 fxe6 11. b4 Qe8 12. Nxb6 axb6 13. Bd2 b5 14. c3 d5 15. Re1 Qh5 16. exd5 exd5 17. Nxe5 Qxd1 18. Raxd1 Nxe5 19. Rxe5 Rxa3 20. Rc1 Re8 21. Bf4 Rxe5 22. Bxe5 c6 23. Bxf6 gxf6 24. d4 Kf7 25. g4 Kg6 26. Kg2 f5 27. Kg3 fxg4 28. hxg4 h5 29. gxh5+ Kxh5 30. Kf4 Ra2 31. f3 Kg6 32. Re1 Kf6 33. Re3 Rg2 34. Rd3 Re2 35. Re3 Rg2 36. Rd3 Re2 1/2-1/2


[Site "http://www.Chess.com"]

[Event "FIDE World Rapid Chess Championship 2021"]
[White "Dziuba, Marcin"]
[Black "Vidit, Santosh Gujrathi"]
[WhiteFideId "1112953"]
[BlackFideId "5029465"]
[WhiteElo "2424"]
[BlackElo "2629"]
[Result "0-1"]
[Round "04"]
[TimeControl "900+10"]
[Date "2021.12.26"]
[WhiteClock "0:00:12"]
[BlackClock "0:00:13"]

1. d4 Nf6 2. c4 e6 3. Nf3 d5 4. e3 a6 5. Nbd2 c5 6. cxd5 exd5 7. b3 Nc6 8. Bb2 cxd4 9. Nxd4 Bd6 10. Be2 O-O 11. O-O Re8 12. a3 Qe7 13. b4 Ne5 14. Qb3 b5 15. Rfd1 Bd7 16. Nf1 Nc4 17. Ng3 g6 18. Nf3 Nxb2 19. Qxb2 h5 20. Rac1 a5 21. Nd4 h4 22. Nf1 axb4 23. axb4 Ra4 24. Bxb5 Rxb4 25. Qe2 Bxb5 26. Nxb5 Be5 27. Qd3 h3 28. g3 Rb8 29. Nc3 Bxc3 30. Rxc3 Ne4 31. Rc2 Qf6 32. f4 Rb2 33. Nd2 Rxc2 34. Qxc2 Qb2 35. Qd3 Qa2 36. Kf1 Rc8 37. Ke1 Qa5 38. Kf1 Rc3 39. Qd4 Qb5+ 40. Ke1 Rd3 41. Qa7 Qb4 42. Qa8+ Kh7 43. Qa2 Rxe3+ 44. Kf1 Qb5+ 0-1


[Site "http://www.Chess.com"]

[Event "FIDE World Rapid Chess Championship 2021"]
[White "Anton Guijarro, David"]
[Black "Gukesh, D"]
[WhiteFideId "2285525"]
[BlackFideId "46616543"]
[WhiteElo "2627"]
[BlackElo "2050"]
[Result "1-0"]
[Round "04"]
[TimeControl "900+10"]
[Date "2021.12.26"]
[WhiteClock "0:01:08"]
[BlackClock "0:00:35"]

1. Nf3 Nf6 2. c4 e6 3. g3 d5 4. Bg2 Be7 5. O-O O-O 6. b3 b6 7. cxd5 exd5 8. Nc3 Bb7 9. e3 Nbd7 10. Bb2 a6 11. Rc1 Re8 12. Ne2 Bd6 13. Nf4 Nc5 14. b4 Ne6 15. Nxe6 fxe6 16. Qb3 e5 17. Nh4 a5 18. b5 a4 19. Qd3 Qd7 20. f4 e4 21. Qe2 Rf8 22. Be5 Ra5 23. Bxd6 cxd6 24. Rb1 Ne8 25. Rfc1 Rf7 26. d3 Nc7 27. dxe4 dxe4 28. Qf1 g5 29. Bh3 g4 30. Bg2 Rxb5 31. Rxb5 Nxb5 32. h3 h5 33. hxg4 hxg4 34. Qd1 d5 35. Qxa4 d4 36. exd4 Qxd4+ 37. Qxd4 Nxd4 38. Kf2 Nf3 39. Ke3 Rd7 40. Bf1 Bd5 41. a3 Ra7 42. Rc3 Nxh4 43. gxh4 Rh7 44. Rc8+ Kg7 45. Rc7+ Kh6 46. Rxh7+ Kxh7 47. f5 Kh6 48. Kf4 Kh5 49. Be2 Kxh4 50. Bxg4 Bc4 51. Bd1 e3 52. Kxe3 Kg5 53. Kd4 Ba2 54. Ke5 Bb1 55. f6 Ba2 56. Bc2 Bc4 57. Bf5 b5 58. Bd7 Kg6 59. Be8+ Kh7 60. Kd6 1-0


[Site "http://www.Chess.com"]

[Event "FIDE World Rapid Chess Championship 2021"]
[White "Teclaf, Pawel"]
[Black "Petrosian, Tigran L."]
[WhiteFideId "1185934"]
[BlackFideId "13301616"]
[WhiteElo "2345"]
[BlackElo "2621"]
[Result "0-1"]
[Round "04"]
[TimeControl "900+10"]
[Date "2021.12.26"]
[WhiteClock "0:00:03"]
[BlackClock "0:00:25"]

1. e4 g6 2. d4 Bg7 3. Nc3 a6 4. Be3 b5 5. Nf3 Bb7 6. a4 b4 7. Nd5 e6 8. Nxb4 Bxe4 9. a5 Ne7 10. c3 O-O 11. Be2 Qc8 12. O-O d6 13. Bg5 Re8 14. Re1 Bb7 15. Nd2 Nd7 16. Bf3 Nf5 17. Bf4 d5 18. Nb3 c5 19. dxc5 Nxc5 20. Nxc5 Qxc5 21. Be5 Bxe5 22. Rxe5 Nd6 23. Re2 Nc4 24. Qd4 Rac8 25. Qxc5 Rxc5 26. Nd3 Rxa5 27. Rxa5 Nxa5 28. b4 Nc4 29. Nc5 Bc6 30. Ra2 Bb5 31. Be2 Rd8 32. f3 d4 33. cxd4 Rxd4 34. Nxa6 Bxa6 35. Rxa6 Ne3 36. b5 Rb4 37. Rc6 Rb2 38. Kf2 Nf5 39. Kf1 Kg7 40. Rc5 Kf6 41. Rc7 h5 42. Ke1 Ne3 43. g3 Nc2+ 44. Kd2 Nd4+ 45. Kc3 Rc2+ 46. Kxd4 Rxc7 47. f4 Ke7 48. Bf3 Rc2 49. h3 Rb2 50. Kc4 Kd6 51. Bc6 Rh2 52. h4 Rh3 53. Be8 Rxg3 54. b6 Rg4 55. Kb5 Rxf4 56. Ka6 e5 57. Bb5 Rb4 58. Ka5 Kc5 0-1


[Site "http://www.Chess.com"]

[Event "FIDE World Rapid Chess Championship 2021"]
[White "Amin, Bassem"]
[Black "Niemann, Hans Moke"]
[WhiteFideId "10601457"]
[BlackFideId "2093596"]
[WhiteElo "2614"]
[BlackElo "2327"]
[Result "0-1"]
[Round "04"]
[TimeControl "900+10"]
[Date "2021.12.26"]
[WhiteClock "0:00:24"]
[BlackClock "0:09:39"]

1. Nf3 c5 2. e4 d6 3. g3 Nf6 4. d3 Nc6 5. Bg2 g6 6. O-O Bg7 7. Re1 O-O 8. c3 e5 9. a4 h6 10. Na3 Re8 11. Bd2 d5 12. b4 dxe4 13. dxe4 Be6 14. Qb1 Rc8 15. Be3 cxb4 16. cxb4 Ng4 17. Rd1 Qf6 18. Bc5 b6 19. b5 Na5 20. Bb4 Nb3 21. h3 Nxa1 22. Qxa1 Nxf2 23. Kxf2 Red8 24. Bf1 Bb3 25. Rxd8+ Qxd8 26. Qb2 Be6 27. Nd2 h5 28. Nac4 h4 29. g4 Qf6+ 30. Kg2 Qf4 31. Qb3 f5 32. gxf5 gxf5 33. Qe3 fxe4 34. Bd6 Bd5 35. Be2 Bh6 36. Bg4 Rxc4 37. Nxc4 Bxc4 38. Qf2 Bd5 39. Qxh4 e3+ 40. Kg1 Bg5 41. Qe1 e2 42. Bxe2 Bh4 0-1


[Site "http://www.Chess.com"]

[Event "FIDE World Rapid Chess Championship 2021"]
[White "Hovhannisyan, Robert"]
[Black "Kosakowski, Jakub"]
[WhiteFideId "13302507"]
[BlackFideId "1185080"]
[WhiteElo "2613"]
[BlackElo "2304"]
[Result "1/2-1/2"]
[Round "04"]
[TimeControl "900+10"]
[Date "2021.12.26"]
[WhiteClock "0:00:27"]
[BlackClock "0:00:53"]

1. e4 c5 2. Nf3 d6 3. d4 cxd4 4. Nxd4 Nf6 5. Nc3 a6 6. Be2 e5 7. Nb3 Be7 8. Be3 Be6 9. Qd3 O-O 10. O-O Nbd7 11. a4 Rc8 12. a5 Qc7 13. Rfd1 Nc5 14. Nxc5 dxc5 15. Nd5 Bxd5 16. exd5 Ne8 17. c4 Nd6 18. b4 e4 19. Qb1 Nf5 20. Bxc5 Bxc5 21. bxc5 Qxc5 22. Qxe4 g6 23. Qb1 Nd6 24. Bf1 Rc7 25. Qb6 Rfc8 26. Qxc5 Rxc5 27. Ra4 Nxc4 28. Bxc4 Rxc4 29. Rxc4 Rxc4 30. d6 Rc8 31. g4 Rd8 32. Kg2 f6 33. f4 Kf7 34. f5 gxf5 35. gxf5 Ke8 36. Re1+ Kd7 37. Re6 Rc8 38. Rxf6 Rc5 39. Kf3 Rxa5 40. Kf4 Ra2 41. Rh6 b5 42. h4 b4 43. Ke5 Ra5+ 44. Ke4 b3 45. Rxh7+ Kxd6 46. Rb7 Ra4+ 47. Kd3 Rxh4 48. f6 Ke6 49. f7 Rf4 50. Rxb3 Kxf7 1/2-1/2


[Site "http://www.Chess.com"]

[Event "FIDE World Rapid Chess Championship 2021"]
[White "Dudin, Gleb"]
[Black "Erdos, Viktor"]
[WhiteFideId "34184934"]
[BlackFideId "719978"]
[WhiteElo "2247"]
[BlackElo "2601"]
[Result "1/2-1/2"]
[Round "04"]
[TimeControl "900+10"]
[Date "2021.12.26"]
[WhiteClock "0:00:54"]
[BlackClock "0:00:26"]

1. d4 Nf6 2. c4 g6 3. Nc3 d5 4. cxd5 Nxd5 5. e4 Nxc3 6. bxc3 Bg7 7. Nf3 c5 8. Be3 Qa5 9. Qd2 O-O 10. Rc1 Nd7 11. Bd3 e5 12. d5 b5 13. c4 b4 14. h4 f5 15. Bh6 fxe4 16. Bxe4 Nf6 17. Bb1 Bxh6 18. Qxh6 Ng4 19. Qd2 e4 20. Bxe4 Re8 21. Ng5 h6 22. Ne6 Bxe6 23. dxe6 Rxe6 24. O-O Qc7 25. g3 Rd8 26. Bd5 Kh7 27. h5 Nf6 28. hxg6+ Kg7 29. Rfe1 Ree8 30. Rxe8 Rxe8 31. Bf7 Re4 32. Qc2 Qe5 33. Qa4 Re1+ 34. Rxe1 Qxe1+ 35. Kg2 Qe4+ 36. Kg1 Qe1+ 37. Kg2 Qe4+ 38. Kg1 Qe1+ 1/2-1/2


[Site "http://www.Chess.com"]

[Event "FIDE World Rapid Chess Championship 2021"]
[White "Pichot, Alan"]
[Black "Artemiev, Vladislav"]
[WhiteFideId "110973"]
[BlackFideId "24101605"]
[WhiteElo "2523"]
[BlackElo "2714"]
[Result "1/2-1/2"]
[Round "04"]
[TimeControl "900+10"]
[Date "2021.12.26"]
[WhiteClock "0:01:35"]
[BlackClock "0:00:19"]

1. e4 e5 2. Nf3 Nc6 3. Bb5 g6 4. c3 a6 5. Bxc6 dxc6 6. d4 exd4 7. cxd4 Bg7 8. h3 Ne7 9. O-O O-O 10. Nc3 h6 11. Bf4 g5 12. Be5 Ng6 13. Bg3 g4 14. hxg4 Bxg4 15. Qd3 h5 16. Rad1 h4 17. Bh2 h3 18. gxh3 Bxh3 19. Rfe1 Bg4 20. e5 Qd7 21. d5 cxd5 22. Nxd5 Rad8 23. Nf6+ Bxf6 24. Qxd7 Rxd7 25. Rxd7 Bxd7 26. exf6 c5 27. Bd6 Rc8 28. Ne5 Bf5 29. Nxg6 Bxg6 30. Re5 c4 31. Bb4 Rc6 32. Bc3 Kh7 33. Re7 b5 34. f4 b4 35. Bxb4 Rxf6 36. Bd2 Bb1 37. a3 Kg6 38. Kf2 Rd6 39. Bc3 Bf5 40. Re1 f6 41. Re7 Be6 42. Re8 Kf5 43. Rf8 Bd7 44. Ke3 Rd3+ 45. Ke2 Rd6 46. Ke3 Rd3+ 1/2-1/2


[Site "http://www.Chess.com"]

[Event "FIDE World Rapid Chess Championship 2021"]
[White "Sargissian, Gabriel"]
[Black "Murzin, Volodar"]
[WhiteFideId "13300881"]
[BlackFideId "44155573"]
[WhiteElo "2693"]
[BlackElo "2523"]
[Result "1-0"]
[Round "04"]
[TimeControl "900+10"]
[Date "2021.12.26"]
[WhiteClock "0:07:08"]
[BlackClock "0:00:33"]

1. d4 Nf6 2. c4 g6 3. Nc3 Bg7 4. e4 O-O 5. Nf3 d6 6. Be2 e5 7. O-O Nc6 8. d5 Ne7 9. b4 Nh5 10. Re1 Nf4 11. Bxf4 exf4 12. Rc1 h6 13. c5 g5 14. Nd4 Bxd4 15. Qxd4 Ng6 16. Nb5 a6 17. Na3 g4 18. Nc4 Qe7 19. Bf1 h5 20. e5 dxe5 21. Nxe5 Qf6 22. Rcd1 f3 23. Nxf3 Qd8 1-0


[Site "http://www.Chess.com"]

[Event "FIDE World Rapid Chess Championship 2021"]
[White "Christiansen, Johan-Sebastian"]
[Black "Saric, Ivan"]
[WhiteFideId "1512668"]
[BlackFideId "14508150"]
[WhiteElo "2522"]
[BlackElo "2684"]
[Result "0-1"]
[Round "04"]
[TimeControl "900+10"]
[Date "2021.12.26"]
[WhiteClock "0:00:46"]
[BlackClock "0:00:07"]

1. c4 e5 2. g3 c6 3. Nf3 e4 4. Nd4 d5 5. cxd5 Qxd5 6. Nc2 Nf6 7. Nc3 Qe5 8. Bg2 Na6 9. O-O Be7 10. Nxe4 Nxe4 11. f4 Qe6 12. f5 Qd5 13. d3 Bxf5 14. dxe4 Bxe4 15. Qxd5 Bxd5 16. Bxd5 cxd5 17. Rf5 Rd8 18. Be3 g6 19. Rf4 Nc5 20. Rd1 Ne6 21. Ra4 a6 22. Ra5 Bf6 23. Raxd5 Rxd5 24. Rxd5 Bxb2 25. Rd3 Be5 26. Rb3 Nd8 27. a4 Kd7 28. Nb4 Re8 29. Kf2 Bd6 30. Nd5 Re5 31. Nb6+ Ke6 32. Bf4 Re4 33. Kf3 f5 34. Rd3 Nf7 35. Nd5 Be5 36. a5 g5 37. Bd2 g4+ 38. Kg2 Rxe2+ 39. Kg1 h5 40. Bf4 Re4 41. Nb6 Bxf4 42. gxf4 Rxf4 43. Nd5 Ra4 44. Nc7+ Ke5 45. Rd5+ Ke4 46. Rc5 Ne5 47. Ne6 Nf3+ 48. Kf1 Nxh2+ 49. Kg2 Ra2+ 50. Kg3 f4+ 51. Kh4 Nf3+ 52. Kxh5 g3 53. Rc4+ Kd5 54. Rxf4 g2 0-1


[Site "http://www.Chess.com"]

[Event "FIDE World Rapid Chess Championship 2021"]
[White "Smirin, Ilia"]
[Black "Shevchenko, Kirill"]
[WhiteFideId "2801990"]
[BlackFideId "14129574"]
[WhiteElo "2663"]
[BlackElo "2508"]
[Result "0-1"]
[Round "04"]
[TimeControl "900+10"]
[Date "2021.12.26"]
[WhiteClock "0:00:45"]
[BlackClock "0:00:13"]

1. e4 c5 2. Nf3 d6 3. d4 cxd4 4. Nxd4 Nf6 5. Nc3 a6 6. h3 e5 7. Nf3 Be7 8. g4 h6 9. g5 hxg5 10. Bxg5 Be6 11. h4 Nbd7 12. Bh3 Rc8 13. Bxf6 Nxf6 14. Bxe6 fxe6 15. Ng5 Qb6 16. Rb1 d5 17. exd5 exd5 18. Rh3 Qc6 19. Qf3 O-O 20. Qf5 d4 21. Nce4 Qxc2 22. Ra1 Rc7 23. Kf1 Bd8 24. Re1 Qc4+ 25. Kg1 g6 26. Qxe5 Nxe4 27. Nxe4 Re7 28. Qd6 Re6 29. Qd7 Qc6 30. Qxc6 Rxc6 31. Rd3 Bxh4 32. Rxd4 Re6 33. Re2 Rf4 34. Nc5 Bxf2+ 35. Rxf2 Re1+ 36. Kg2 Rxd4 0-1


[Site "http://www.Chess.com"]

[Event "FIDE World Rapid Chess Championship 2021"]
[White "Sjugirov, Sanan"]
[Black "Lima, Darcy"]
[WhiteFideId "4189302"]
[BlackFideId "2100045"]
[WhiteElo "2634"]
[BlackElo "2505"]
[Result "1-0"]
[Round "04"]
[TimeControl "900+10"]
[Date "2021.12.26"]
[WhiteClock "0:04:34"]
[BlackClock "0:06:08"]

1. e4 c5 2. Nf3 d6 3. d4 cxd4 4. Nxd4 Nf6 5. Nc3 Nc6 6. Bg5 e6 7. Qd2 a6 8. O-O-O Bd7 9. f4 h6 10. Bxf6 Qxf6 11. Nf3 g5 12. g3 O-O-O 13. Kb1 gxf4 14. gxf4 Be7 15. Qe3 Nb8 16. Bh3 Kc7 17. e5 dxe5 18. Nxe5 Bc6 19. Ne4 Qg7 20. Rdg1 Qf8 21. f5 exf5 22. Bxf5 Be8 23. Nc4 1-0


[Site "http://www.Chess.com"]

[Event "FIDE World Rapid Chess Championship 2021"]
[White "Narayanan.S.L, "]
[Black "Riazantsev, Alexander"]
[WhiteFideId "5058422"]
[BlackFideId "4125029"]
[WhiteElo "2482"]
[BlackElo "2632"]
[Result "1-0"]
[Round "04"]
[TimeControl "900+10"]
[Date "2021.12.26"]
[WhiteClock "0:02:45"]
[BlackClock "0:00:06"]

1. d4 d5 2. c4 e6 3. Nf3 Nf6 4. Nc3 a6 5. cxd5 exd5 6. Bg5 c6 7. e3 Be6 8. Bd3 Nbd7 9. h3 Bd6 10. Bf4 Qc7 11. Qd2 O-O 12. O-O Rfe8 13. Rfe1 h6 14. Rac1 Rac8 15. a3 Qb8 16. Red1 Bxf4 17. exf4 Ne4 18. Nxe4 dxe4 19. Bxe4 Bxh3 20. Ne5 Be6 21. Re1 Nf6 22. Bc2 Rcd8 23. f5 Bd5 24. b4 Qd6 25. Qc3 Nh7 26. Re3 f6 27. Ng6 Nf8 28. Rce1 Rxe3 29. Qxe3 Bf7 30. Bb3 Bd5 31. Bxd5+ cxd5 32. Qe7 Qxe7 33. Rxe7 Nd7 34. Kh2 b5 35. Re6 Nb8 36. Rb6 Kf7 37. Rb7+ Nd7 38. Ra7 Ke8 39. Rxa6 Nb8 40. Rb6 Kd7 41. Rxb5 Kc6 42. Rc5+ Kb6 43. Nf4 Nc6 44. Ne6 Rd6 45. a4 g5 46. a5+ Kb7 47. a6+ Kb6 48. b5 Nxd4 49. Nxd4 Kxc5 50. a7 Rd8 51. Ne6+ 1-0


[Site "http://www.Chess.com"]

[Event "FIDE World Rapid Chess Championship 2021"]
[White "Howell, David W L"]
[Black "Faizrakhmanov, Ramil"]
[WhiteFideId "410608"]
[BlackFideId "24103209"]
[WhiteElo "2624"]
[BlackElo "2461"]
[Result "1/2-1/2"]
[Round "04"]
[TimeControl "900+10"]
[Date "2021.12.26"]
[WhiteClock "0:00:33"]
[BlackClock "0:00:46"]

1. Nf3 Nf6 2. c4 e6 3. g3 d5 4. Bg2 dxc4 5. Qa4+ Bd7 6. Qxc4 c5 7. Ne5 Qc8 8. O-O Nc6 9. Nxd7 Qxd7 10. Nc3 Rc8 11. d3 Be7 12. Bg5 b6 13. Qa4 O-O 14. Rfd1 Rfd8 15. Rac1 h6 16. Bd2 Ne8 17. Be1 Bf6 18. Kf1 Nd6 19. a3 Nd4 20. Qxd7 Rxd7 21. e3 Nb3 22. Rc2 b5 23. h4 Rdc7 24. h5 a6 25. g4 Bh4 26. Ne2 a5 27. Nc3 a4 28. Nb1 Na1 29. Re2 Nb3 30. Rc2 Na1 31. Re2 Nb3 32. Nd2 c4 33. d4 c3 34. bxc3 Nxd2+ 35. Bxd2 Nc4 36. Bc1 Be7 37. Ra2 Nb6 38. Bd2 Nc4 39. Bc1 Nb6 40. Bb2 Nc4 41. Be4 Kf8 42. Ke2 Nxb2 43. Rxb2 Rxc3 44. Rxb5 Rxa3 45. Rd2 Rb3 46. Rb7 Rxb7 47. Bxb7 Rb8 48. Ba6 a3 49. Bc4 Rb1 50. Rc2 Rb2 51. Kd3 Bb4 52. Rxb2 axb2 53. Kc2 Be1 54. f3 Bf2 55. Kxb2 Bxe3 1/2-1/2


[Site "http://www.Chess.com"]

[Event "FIDE World Rapid Chess Championship 2021"]
[White "Dreev, Aleksey"]
[Black "Sadhwani, Raunak"]
[WhiteFideId "4100107"]
[BlackFideId "35093487"]
[WhiteElo "2621"]
[BlackElo "2454"]
[Result "1/2-1/2"]
[Round "04"]
[TimeControl "900+10"]
[Date "2021.12.26"]
[WhiteClock "0:00:27"]
[BlackClock "0:04:17"]

1. d4 Nf6 2. Nf3 g6 3. Nc3 Bg7 4. e4 d6 5. Be3 c6 6. Qd2 b5 7. Bd3 Nbd7 8. Bh6 Bxh6 9. Qxh6 e5 10. O-O Qe7 11. b4 Bb7 12. a4 a6 13. h3 Qf8 14. Qxf8+ Rxf8 15. dxe5 Nxe5 16. Nd2 O-O-O 17. f4 Nxd3 18. cxd3 Kb8 19. Nb3 Nd7 20. f5 Ne5 21. Rad1 g5 22. Na5 Rfe8 23. Rfe1 f6 24. axb5 axb5 25. d4 Nc4 26. Nxc4 bxc4 27. g4 h5 28. e5 dxe5 29. dxe5 Rxd1 30. Nxd1 hxg4 31. hxg4 c5 32. bxc5 fxe5 33. Ne3 Bf3 34. Kf2 e4 35. Rc1 Kc7 36. Rxc4 Kc6 37. Rc2 Rh8 38. Kg3 Rh7 39. Nc4 Kxc5 40. Ne5+ Kd5 41. Nxf3 exf3 42. Kxf3 Rh3+ 43. Kg2 Ra3 44. Rf2 Ke5 45. f6 Ra8 46. f7 Rf8 47. Rf5+ Ke6 48. Kf3 Rxf7 49. Rxf7 Kxf7 50. Ke3 Ke7 51. Ke4 1/2-1/2


[Site "http://www.Chess.com"]

[Event "FIDE World Rapid Chess Championship 2021"]
[White "Santos Latasa, Jaime"]
[Black "Gumularz, Szymon"]
[WhiteFideId "2293307"]
[BlackFideId "1188062"]
[WhiteElo "2618"]
[BlackElo "2452"]
[Result "1-0"]
[Round "04"]
[TimeControl "900+10"]
[Date "2021.12.26"]
[WhiteClock "0:02:18"]
[BlackClock "0:00:14"]

1. Nf3 d5 2. g3 g6 3. Bg2 Bg7 4. O-O e5 5. d3 Nc6 6. e4 dxe4 7. dxe4 Qxd1 8. Rxd1 Bg4 9. c3 Nf6 10. Nbd2 O-O-O 11. Re1 h6 12. Nc4 Nd7 13. Be3 Be6 14. Nfd2 Nb6 15. Nxb6+ axb6 16. Bf1 h5 17. h4 Bh6 18. Bxh6 Rxh6 19. Nc4 f6 20. b4 Rg8 21. Kh2 g5 22. hxg5 Rxg5 23. Bh3 Bxh3 24. Kxh3 h4 25. g4 Nd8 26. f3 Ne6 27. Red1 Rg8 28. Kh2 Ng5 29. Rd3 Rhh8 30. Rad1 Rd8 31. Rxd8+ Rxd8 32. Rxd8+ Kxd8 33. Nd2 b5 34. Kg2 Kd7 35. Kh2 Kd6 36. Kg2 c5 37. a3 Kc6 38. Kh2 c4 39. Kg2 Kd7 40. Nf1 Ke6 41. Ne3 h3+ 42. Kg3 h2 43. Kxh2 Nxf3+ 44. Kg2 Nd2 45. Nd5 Nxe4 46. Nc7+ Kd6 47. Nxb5+ Kc6 48. a4 Nd2 49. Kf2 Nb1 50. Ke2 e4 51. Kd1 Kd5 52. Ke2 Kc6 53. Kf2 Kd5 54. Ke3 Ke5 55. a5 Kd5 56. Kf4 Kc6 57. Nd4+ Kd5 58. Ne2 Nd2 59. Ng3 Ke6 60. Nxe4 Nb1 61. b5 Na3 62. b6 Kd5 1-0


[Site "http://www.Chess.com"]

[Event "FIDE World Rapid Chess Championship 2021"]
[White "Jakubowski, Krzysztof"]
[Black "Efimenko, Zahar"]
[WhiteFideId "1112848"]
[BlackFideId "14107201"]
[WhiteElo "2399"]
[BlackElo "2609"]
[Result "0-1"]
[Round "04"]
[TimeControl "900+10"]
[Date "2021.12.26"]
[WhiteClock "0:00:10"]
[BlackClock "0:00:18"]

1. e4 g6 2. d4 Bg7 3. Nc3 d6 4. f4 Nc6 5. Nf3 Bg4 6. Be3 Bxf3 7. gxf3 e6 8. Qd2 Nf6 9. O-O-O Ne7 10. Kb1 c6 11. Rg1 d5 12. Bh3 Qd7 13. Rde1 O-O-O 14. f5 exf5 15. exf5 Nxf5 16. Qd3 Ne8 17. Bf4 Bf6 18. a4 Neg7 19. Be5 Bxe5 20. dxe5 Kb8 21. a5 Rhe8 22. a6 b6 23. f4 Qe7 24. Na2 Qc5 25. Rgf1 Qc4 26. Qa3 Nd4 27. Rf2 Nb5 28. Qf3 Nd4 29. Qd1 Ngf5 30. Bf1 Qc5 31. Rd2 Ne6 32. b4 Qe7 33. b5 Nxf4 34. Qf3 Ne6 35. Red1 Qc5 36. c4 d4 37. Qb3 Ne7 38. Nb4 Qxe5 39. Bg2 Qf5+ 40. Ka2 Rd6 41. Rf1 Qg5 42. Rff2 Rf8 43. Qa3 Nc5 44. Qf3 Qe3 45. bxc6 Qxf3 46. Bxf3 Kc7 47. Rfe2 Re6 48. Ka3 Rd8 49. Bd5 Re3+ 50. Ka2 0-1


[Site "http://www.Chess.com"]

[Event "FIDE World Rapid Chess Championship 2021"]
[White "Adly, Ahmed"]
[Black "Heberla, Bartlomiej"]
[WhiteFideId "10601619"]
[BlackFideId "1115120"]
[WhiteElo "2597"]
[BlackElo "2437"]
[Result "1-0"]
[Round "04"]
[TimeControl "900+10"]
[Date "2021.12.26"]
[WhiteClock "0:02:15"]
[BlackClock "0:00:39"]

1. Nf3 d5 2. g3 Nf6 3. Bg2 e6 4. d4 Be7 5. O-O O-O 6. c4 dxc4 7. Qc2 c6 8. e4 b5 9. Rd1 Bb7 10. Nc3 Nbd7 11. e5 Nd5 12. h4 Qb6 13. Bg5 Nb4 14. Qb1 f6 15. exf6 Bxf6 16. Bxf6 gxf6 17. Qe4 c5 18. d5 Rae8 19. Qg4+ Kh8 20. dxe6 Bxf3 21. Qxf3 Ne5 22. Qf5 Qxe6 23. Qxe6 Rxe6 24. Nxb5 Ned3 25. Rd2 Rfe8 26. a3 Nc6 27. Bd5 Re1+ 28. Rxe1 Rxe1+ 29. Kg2 Nce5 30. Bxc4 Nxc4 31. Rxd3 Nxb2 32. Rd8+ Kg7 33. Rd7+ Kg6 34. Rxa7 Nd3 35. Rd7 Rd1 36. h5+ Kxh5 37. Rxh7+ Kg6 38. Rc7 Rd2 39. Kf3 Ne5+ 40. Ke3 Nc4+ 41. Kf3 Ne5+ 42. Ke4 Re2+ 43. Kd5 Rxf2 44. Rxc5 Rd2+ 45. Ke6 Re2 46. Rc3 Rb2 47. Nd4 Rd2 48. Nf3 Nxf3 49. Rxf3 Re2+ 50. Kd6 Ra2 51. Kc5 Kg5 52. Kb4 f5 53. a4 Kg4 54. Rb3 Re2 55. a5 Re8 56. a6 Rb8+ 57. Ka4 Ra8 58. Ka5 Kh3 59. Rf3 Rf8 60. a7 Kg4 61. Rb3 Ra8 62. Ka6 Re8 63. Ra3 Re6+ 64. Kb5 Re8 65. a8=Q Rxa8 66. Rxa8 Kxg3 67. Kc4 f4 68. Kd3 f3 69. Ke4 1-0


[Site "http://www.Chess.com"]